 Dungeon Crawl Stone Soup version 0.23.0-3-gf3c87f2df8 (webtiles) character file.

Game seed: 5566215233664541654

1934 Ivernyr the Changer (level 9, -1/40 HPs)
             Began as a Vine Stalker Transmuter on Feb 22, 2019.
             Slain by a bone dragon (4 damage)
             ... on level 2 of the Abyss.
             The game lasted 00:29:45 (6978 turns).

Ivernyr the Changer (Vine Stalker Transmuter)       Turns: 6978, Time: 00:29:46

Health: -1/40      AC: 11    Str: 13    XL:     9   Next: 17%
Magic:  0/18       EV: 15    Int: 16    God:
Gold:   278        SH:  0    Dex: 15    Spells: 8/19 levels left

rFire    . . .     SeeInvis .     - Unarmed
rCold    . . .     Gourm    .   (no shield)
rNeg     . . .     Faith    .   b - +0 robe
rPois    +         Spirit   +   w - +0 helmet
rElec    .         Reflect  .   u - +0 cloak
rCorr    .         Harm     .   (no gloves)
MR       +....                  x - +0 pair of boots (curse)
Stlth    +.........             (no amulet)
HPRegen  0.53/turn              t - +6 ring of protection
MPRegen  0.16/turn              r - ring of poison resistance

@: no status effects
A: fangs 3, regeneration 1, magic shield, antimagic bite, no potion heal 3, rot
immunity
a: no special abilities


You were on level 2 of the Abyss.
You were hungry.

You visited 1 branch of the dungeon, and saw 7 of its levels.
You visited the Abyss 1 time.

You collected 278 gold pieces.

Inventory:

Missiles
 a - 66 arrows
Armour
 b - a +0 robe (worn)
 u - a +0 cloak (worn)
 w - a +0 helmet (worn)
 x - a cursed +0 pair of boots (worn)
Jewellery
 p - an uncursed ring of positive energy
 r - a ring of poison resistance (right hand)
 t - a +6 ring of protection (left hand)
Scrolls
 h - 2 scrolls of magic mapping
 i - 8 scrolls of teleportation
 j - 2 scrolls of enchant armour {unknown}
 k - 5 scrolls of amnesia {unknown}
 m - 2 scrolls of blinking {unknown}
 o - 5 scrolls of identify
 q - a scroll of fear {unknown}
 s - a scroll of remove curse
 y - a scroll of acquirement {unknown}
 z - 2 scrolls of enchant weapon {unknown}
Potions
 c - 2 potions of berserk rage
 e - a potion of mutation {unknown}
 f - 2 potions of might {unknown}
 g - 5 potions of curing {unknown}
 l - 3 potions of ambrosia {unknown}
 n - a potion of magic {unknown}
 v - a potion of brilliance {unknown}
 A - 2 potions of degeneration {unknown}
 B - a potion of resistance {unknown}
 C - a potion of heal wounds {unknown}
 D - a potion of invisibility {unknown}
Comestibles
 d - 9 rations


   Skills:
 - Level 0.8 Fighting
 + Level 4.6 Dodging
 + Level 6.0 Unarmed Combat
 + Level 5.6 Spellcasting
 * Level 7.6 Transmutations


You had 8 spell levels left.
You knew the following spells:

 Your Spells              Type           Power        Failure   Level  Hunger
a - Beastly Appendage     Tmut           ####..       1%          1    None
b - Sticks to Snakes      Tmut           ####....     1%          2    #......
c - Spider Form           Tmut/Pois      ###.......   9%          3    ##.....
d - Blade Hands           Tmut           ####......   17%         5    ######.

Your spell library contained the following spells:

 Spells                   Type           Power        Failure   Level  Hunger
 Ice Form                 Ice/Tmut       ###.....     30%         4    ####...


Dungeon Overview and Level Annotations

Branches:
Dungeon (7/15)             Temple (0/1) D:5

Altars:
Ashenzari
Elyvilon
Fedhas
Gozag
Kikubaaqudgha
Makhleb
Qazlal

Shops:
D:5 !   D:7 (


Innate Abilities, Weirdness & Mutations

You have razor-sharp teeth.
Your natural rate of healing is unusually fast.
When hurt, damage is shared between your health and your magic reserves.
Your bite disrupts and absorbs the magic of your enemies.
Potions cannot restore your health.
You are immune to rotting.


Message History

The thrashing horror is lightly damaged.
The thrashing horror tramples you.
You hold your ground!
The thrashing horror tramples you but does no damage.
A bone dragon comes into view.
The thrashing horror roars!
The thrashing horror tramples you.
* * * LOW HITPOINT WARNING * * *
You hold your ground!
The thrashing horror tramples you but does no damage.
The thrashing horror tramples you.
* * * LOW HITPOINT WARNING * * *
You stumble backwards!
The bone dragon closely misses you. x3
You see here a brown potion.
You hit the bone dragon but do no damage.
You bite the bone dragon, but do no damage.
The thrashing horror tramples you.
* * * LOW HITPOINT WARNING * * *
You hold your ground!
The thrashing horror misses you. The bone dragon barely misses you.
The bone dragon claws you!
You die...

.## ### ..##.### ... .
#....## ...##.#. ..#.
. #. #....#... . ##..
#....... .### #.. .
#.......... # #.###.#
#.###...##...#..##.##.
#.# . ###..###.#...#
## # ##..###D...# .
#..##XX@# . .
........### . #
#......... .. .
.........##..
########. .. # .# ..
#. ..# .. ..


You could see a bone dragon and 2 thrashing horrors.

Vanquished Creatures
  A sky beast (D:7)
  An eye of draining (Abyss:2)
  An orc warrior (D:5)
  A phantom (D:4)
  3 ogres
  2 ice beasts
  A big kobold (D:7)
  2 bullfrogs
  2 scorpions
  4 howler monkeys
  A bullfrog zombie (D:7)
  A bullfrog skeleton (D:4)
  2 hounds
  A jelly (D:5)
  2 orc priests (D:6)
  Jessica (D:2)
  Natasha (thrice) (D:3)
  3 worker ants (D:5)
  2 hound skeletons (D:4)
  11 gnolls
  A howler monkey skeleton (D:4)
  6 adders
  3 oozes
  3 adder skeletons (D:4)
  2 worms (D:2)
  3 dart slugs
  3 leopard geckos
  6 orcs
  2 giant cockroaches
  7 hobgoblins
  14 jackals
  13 kobolds
  4 quokkas
  5 bats
  6 frilled lizards
  8 goblins
  A leopard gecko skeleton (D:4)
  13 rats
145 creatures vanquished.

Vanquished Creatures (others)
  8 starspawn tentacles (Abyss:2)
8 creatures vanquished.

Grand Total: 153 creatures vanquished

Notes
Turn   | Place    | Note
-------+----------+-------------------------------------------
     0 | D:1      | Ivernyr the Vine Stalker Transmuter began the quest for the
                  | Orb.
     0 | D:1      | Reached XP level 1. HP: 9/9 MP: 4/4
   182 | D:1      | Reached XP level 2. HP: 3/14 MP: 1/6
   492 | D:1      | Learned a level 2 spell: Sticks to Snakes
   671 | D:1      | Reached XP level 3. HP: 17/17 MP: 7/7
   679 | D:1      | Learned a level 3 spell: Spider Form
  1869 | D:2      | Reached skill level 3 in Transmutations
  2058 | D:2      | Gained mutation: Your natural rate of healing is unusually
                  | fast. [Vine Stalker growth]
  2058 | D:2      | Reached XP level 4. HP: 20/21 MP: 9/9
  2090 | D:2      | Noticed Jessica
  2099 | D:2      | Killed Jessica
  2632 | D:3      | Noticed Natasha
  2639 | D:3      | Killed Natasha
  2639 | D:3      | Reached XP level 5. HP: 25/25 MP: 7/10
  3104 | D:3      | Noticed Natasha
  3117 | D:3      | Killed Natasha
  3128 | D:3      | Noticed Natasha
  3135 | D:3      | Killed Natasha
  3213 | D:4      | Reached skill level 4 in Transmutations
  3213 | D:4      | Reached XP level 6. HP: 11/29 MP: 9/11
  3262 | D:4      | Learned a level 5 spell: Blade Hands
  3578 | D:4      | Noticed a phantom
  3629 | D:4      | Killed a phantom
  3629 | D:4      | Reached XP level 7. HP: 23/32 MP: 9/13
  3730 | D:4      | Reached skill level 5 in Transmutations
  4107 | D:4      | Found the +7 Singing Sword {slice, sonic wave}
  4741 | D:5      | Entered Level 5 of the Dungeon
  4965 | D:5      | Gained mutation: You have razor-sharp teeth. [Vine Stalker
                  | growth]
  4965 | D:5      | Reached XP level 8. HP: 37/37 MP: 5/15
  4966 | D:5      | Found a staircase to the Ecumenical Temple.
  4979 | D:5      | Reached skill level 5 in Unarmed Combat
  5001 | D:5      | Reached skill level 6 in Transmutations
  5003 | D:5      | Found a stormy altar of Qazlal.
  5003 | D:5      | Noticed an air elemental
  5055 | D:5      | Found an opulent altar of Gozag.
  5160 | D:5      | Noticed a water elemental
  5339 | D:5      | Found Peonibef's Distillery.
  5599 | D:6      | Found a burning altar of Makhleb.
  5599 | D:6      | Found a white marble altar of Elyvilon.
  5606 | D:6      | Found a shattered altar of Ashenzari.
  5609 | D:6      | Found an ancient bone altar of Kikubaaqudgha.
  5611 | D:6      | Found a blossoming altar of Fedhas.
  5772 | D:6      | Reached skill level 5 in Spellcasting
  6302 | D:7      | Reached skill level 7 in Transmutations
  6371 | D:7      | Found Vyutuc's Antique Weapon Emporium.
  6383 | D:7      | Reached XP level 9. HP: 38/40 MP: 11/18
  6505 | D:7      | Noticed a two-headed ogre
  6831 | D:7      | Noticed an orc sorcerer
  6850 | D:7      | Noticed a wizard
  6854 | D:7      | Noticed an orc sorcerer
  6856 | D:7      | Noticed an orc sorcerer
  6858 | D:7      | Noticed a hellwing
  6864 | D:7      | Paralysed by an orc sorcerer for 4 turns
  6890 | D:7      | Cast into level 2 of the Abyss (a wizard)
  6907 | Abyss:2  | Noticed a tentacled starspawn
  6964 | Abyss:2  | Noticed a thrashing horror
  6964 | Abyss:2  | Noticed a thrashing horror
  6976 | Abyss:2  | Noticed a bone dragon
  6978 | Abyss:2  | Slain by a bone dragon

Skill      XL: |  1  2  3  4  5  6  7  8  9 |
---------------+----------------------------+-----
Dodging        | 2 3 4 |  4.6
Transmutations | 3 4 5 7 |  7.6
Spellcasting   | 3 4 5 |  5.6
Unarmed Combat | 4 5 6 |  6.0
Fighting       | |  0.8

Action                   |  1- 3 |  4- 6 |  7- 9 || total
-------------------------+-------+-------+-------++-------
Melee: Unarmed           |   136 |   213 |   301 ||   650
       Bite              |    22 |    55 |    30 ||   107
       Punch             |     3 |     2 |     4 ||     9
       Kick              |     4 |     3 |       ||     7
       Headbutt          |     8 |     6 |     5 ||    19
 Cast: Beastly Appendage |     5 |     5 |     3 ||    13
       Spider Form       |       |     2 |    19 ||    21
       Sticks to Snakes  |       |       |     7 ||     7
  Use: Scroll            |     3 |     2 |       ||     5
 Stab: Sleeping          |       |     1 |     1 ||     2
  Eat: Chunk             |     3 |     6 |     9 ||    18
       Ration            |       |       |     1 ||     1
Armor: Robe              |    15 |    16 |    38 ||    69
       Skin              |       |       |    20 ||    20
Dodge: Dodged            |    81 |   127 |   258 ||   466
